 Dungeon Crawl Stone Soup version 0.30-a0-528-g8c47a4955b (console) character file.

Game seed: 16567076739914797704

65021 jejorda2 the Phalangite (level 15, 0/120 HPs)
             Began as a Merfolk Berserker on Dec 23, 2022.
             Was a High Priest of Trog.
             Killed from afar by a wretched star (28 damage)
             ... with a lance of force
             ... on level 1 of the Abyss.
             The game lasted 00:52:53 (16615 turns).

jejorda2 the Phalangite (Merfolk Berserker)        Turns: 16615, Time: 00:52:54

Health: 0/120      AC: 31    Str: 29      XL:     15   Next: 15%
Magic:  10/10      EV: 15    Int:  8      God:    Trog [*****.]
Gold:   1351       SH:  0    Dex: 17 (18) Spells: 14/14 levels left

rFire   + . .      SeeInvis .    a - +1 glaive (flame)
rCold   . . .      Faith    .    (shield currently unavailable)
rNeg    . . .      Spirit   .    B - +8 chain mail of the Lemon {Slay+3}
rPois   +          Reflect  .    K - +2 hat
rElec   .          Harm     .    E - scarf {rC+ rF+}
rCorr   .          Rampage  .    G - +2 pair of gloves "Haing" {rPois rF- Str+10}
Will    ++...      Rage     9%   J - +5 pair of boots of a sewer {*Corrode rPois rF+} Stlth
                                 T - amulet of regeneration
HPRegen 0.00/turn                H - ring of the Tortoise {AC+8}
MPRegen 0.12/turn                O - ring of willpower

@: on fire, about to teleport, corroded, on berserk cooldown, sick, glowing
A: (nimble swimmer 2), mertail, cold vulnerability 1, subdued magic 1, [berserk
2], [low MP 3], [screaming 1]
a: Renounce Religion, Berserk, Trog's Hand, Brothers in Arms


You were on level 1 of the Abyss.
You worshipped Trog.
Trog was extremely pleased with you.
You visited 2 branches of the dungeon, and saw 17 of its levels.
You visited the Abyss 1 time.
You also visited: Gauntlet and Volcano.

You collected 1351 gold pieces.

Inventory:

Hand Weapons
 a - a +1 glaive of flaming (weapon)
Missiles
 c - 3 boomerangs of dispersal
 j - 4 throwing nets
 m - 15 poisoned darts (quivered)
 s - 7 boomerangs
 v - 6 datura-tipped darts
 N - 4 curare-tipped darts
 V - 7 javelins
 Z - 2 silver javelins
Armour
 B - the +8 chain mail of the Lemon (worn) {Slay+3}
   (You found it on level 4 of the Dungeon)

   Slay:      It affects your accuracy & damage with ranged weapons and melee
   (+3).
 E - a scarf of resistance (worn)
 G - the +2 pair of gloves "Haing" (worn) {rPois rF- Str+10}
   (You acquired it on level 1 of the Lair of Beasts)

   Str:       It affects your strength (+10).
   rF:        It makes you vulnerable to fire.
   rPois:     It protects you from poison.
 J - the +5 pair of boots of a sewer (worn) {*Corrode rPois rF+}
   (You found it on level 5 of the Dungeon)

   rF:        It protects you from fire.
   rPois:     It protects you from poison.
   *Corrode:  It may corrode you when you take damage.
 K - a +2 hat (worn)
Jewellery
 H - the ring of the Tortoise (left hand) {AC+8}
   (You found it in a Gauntlet)

   [ring of protection]

   AC:        It affects your AC (+8).
 O - a ring of willpower (right hand)
 T - an amulet of regeneration (around neck)
 X - the ring "Luixeyph" {+Blink rPois Dex+6}
   (You took it off a minotaur in a Gauntlet)

   [ring of poison resistance]

   Dex:       It affects your dexterity (+6).
   rPois:     It protects you from poison.
   +Blink:    It lets you blink.
 Y - a ring of flight
Wands
 l - a wand of iceblast (2)
 x - a wand of light (24)
 z - a wand of flame (16)
 C - a wand of paralysis (14)
 M - a wand of mindburst (9)
 Q - a wand of digging (6)
Scrolls
 f - a scroll of enchant weapon
 h - a scroll of fear
 i - 11 scrolls of teleportation
 k - 2 scrolls of silence
 y - 3 scrolls of poison
 A - 6 scrolls of blinking
 P - 2 scrolls of magic mapping
 U - a scroll of fog
Potions
 d - a potion of degeneration {unknown}
 e - 2 potions of might
 g - 4 potions of ambrosia
 o - 4 potions of resistance
 p - a potion of berserk rage
 q - 3 potions of attraction
 r - 4 potions of heal wounds
 t - 3 potions of mutation
 u - 6 potions of curing
 w - 5 potions of flight
 F - 3 potions of invisibility
 I - 2 potions of magic
 R - 2 potions of cancellation {unknown}
 S - 4 potions of haste
Miscellaneous
 D - a phial of floods


   Skills:
 - Level 12.0 Fighting
 + Level 22.0 Polearms
 - Level 6.0 Throwing
 + Level 9.5 Armour
 - Level 12.0 Dodging
 - Level 6.0 Evocations


You had 14 spell levels left.
You didn't know any spells.
Your spell library was empty.

Dungeon Overview and Level Annotations

Branches:
Dungeon (12/15)            Temple (0/1) D:7            Lair (5/5) D:8
 Shoals (0/4) Lair:2        Snake (0/4) Lair:2        Slime (0/5) Lair:4
    Orc (0/2) D:12        Volcano (visited)         Gauntlet (visited)

Altars:
Ashenzari
Cheibriados
Fedhas
Gozag
Qazlal
Ru
Uskayaw
The Shining One
Jiyva

Shops:
D:10 *

Annotations:
D:7 3 runed translucent doors, Pokonic1's ghost, novice MiMo
Lair:3 exclusion: oklob plant
Lair:5 Sonja


Innate Abilities, Weirdness & Mutations

((You are very nimble when in or above water. (Stealth+, EV+, Speed+++)))
Your lower body shifts to a powerful aquatic tail in water.
You are vulnerable to cold. (rC-)
Your spells are a little easier to cast, but a little less powerful.
[You have an uncontrollable temper.]
[Your magical capacity is extremely low. (-30% MP)]
[You occasionally shout uncontrollably at your foes.]


Message History

The ancient zyme hits you but does no damage.
You feel ill.
The wretched star glows turbulently.
The lance of force hits you!
* * * LOW HITPOINT WARNING * * *
You are knocked back by the lance of force.
You slam into the stone wall!
* * * LOW HITPOINT WARNING * * *
You feel much better.
The ancient zyme hits you but does no damage.
The ancient zyme misses you.
As you read the scroll of teleportation, it crumbles to dust.
You feel strangely unstable.
You feel the power of the Abyss delaying your translocation!
The ancient zyme closely misses you. The ancient zyme barely misses you.
The smoke demon barely misses you. The smoke demon closely misses you.
The smoke demon hits you but does no damage.
You feel much better.
The ancient zyme hits you but does no damage. x2
The smoke demon gestures at you.
The sticky flame hits you but does no damage.
You are covered in liquid flames!
You hit the wretched star but do no damage.
The wretched star is lightly damaged.
You are covered in liquid flames!
The wretched star glows turbulently.
The lance of force hits you!
You are knocked back by the lance of force.
You collide with the ancient zyme!
The ancient zyme is destroyed!
The orange demon stings you but does no damage.
You closely miss the wretched star.
The wretched star is lightly damaged.
You are covered in liquid flames!
The smoke demon gestures at you. Something smites you!
* * * LOW HITPOINT WARNING * * *
The wretched star glows turbulently.
The lance of force hits you!!
You die...

#.. ... .... .#
. ..... .## #..
...#####h.## ..
. .§.
.4#..#...#
#.#2#5..#.≈≈♣
#@#. 5 .#.# 3
#*3#.h.§~#..~≈
#....#.h....≈~≈
#.#.##... .≈ ~~
####.. ≈~~~~~~≈
...# #~≈~~~~#
.#. ~≈ ~. . .#
~≈. ~≈≈ ~## ..
~.~≈ .#


You could see a cacodemon, a wretched star, an orange demon, a smoke demon and a
raiju.

Vanquished Creatures
  An ancient lich (Abyss:1)
  A tentacled starspawn (Abyss:1)
  Gastronok (Lair:1)
  A very ugly thing (Abyss:1)
  A red draconian (Volcano)
  A minotaur (Gauntlet)
  A green death (Abyss:1)
  A fire dragon (Lair:5)
  Fannar (Lair:2)
  2 hydras (Lair:5)
  Harold (D:10)
  A two-headed ogre (D:11)
  Erica (D:9)
  2 death yaks (Lair:5)
  3 thrashing horrors
  Nergalle (Lair:3)
  2 wretched stars (Abyss:1)
  Amaemon (D:10)
  3 lindwurms
  3 deep elf pyromancers
  An orc knight (D:12)
  A manticore (D:12)
  2 salamanders (Volcano)
  12 elephants (Lair:4)
  2 ugly things
  4 cyclopes (Volcano)
  A worldbinder (Abyss:1)
  Maurice (D:9)
  2 black mambas
  2 smoke demons (Abyss:1)
  A merfolk siren (Lair:2)
  An orange demon (D:10)
  7 cane toads
  3 gargoyles
  2 molten gargoyles (Volcano)
  2 rime drakes
  7 torpor snails (Lair:5)
  An unseen horror (D:12)
  4 kobold demonologists
  2 efreet
  8 komodo dragons
  2 ancient zymes (Abyss:1)
  6 trolls
  A queen bee (Gauntlet)
  3 tyrant leeches (Lair:5)
  7 hornets
  3 slime creatures (D:11)
  7 dream sheep (Lair:4)
  A raiju (Abyss:1)
  A wraith (D:10)
  5 starcursed masses (Abyss:1)
  A flying skull (Abyss:1)
  A ynoxinul (Abyss:1)
  6 wyverns
  A water elemental (D:11)
  50 yaks
  A vampire (D:11)
  3 shadows
  3 basilisks
  A golden eye (Abyss:1)
  A steam dragon (D:6)
  A neqoxec (Abyss:1)
  Edmund (D:5)
  A warg (D:12)
  2 nagas (Lair:2)
  2 acid dragons
  7 water moccasins
  2 orc warriors
  Duvessa (D:6)
  2 large abominations (Abyss:1)
  2 black bears (D:6)
  2 centaurs
  9 wolves
  A phantom (D:5)
  3 kobold brigands
  Blork the orc (D:6)
  A gnoll sergeant (D:9)
  11 bullfrogs
  11 small abominations
  Dowan (D:6)
  7 killer bees
  3 howler monkeys
  2 electric eels
  A quasit (Abyss:1)
  5 jellies
  A gnoll bouda (D:8)
  A hound (D:7)
  An orc priest (D:7)
  Ijyb (D:4)
  An iguana (D:7)
  2 orc wizards
  A mummy (D:12)
  16 gnolls
  8 adders
  3 white imps (Abyss:1)
  5 ufetubi
  A worm (D:2)
  5 dart slugs
  22 orcs
  4 ball pythons
  5 bats
  5 endoplasms
  4 giant cockroaches
  9 goblins
  3 hobgoblins
  8 jackals
  18 kobolds
  2 quokkas
  2 frilled lizards (D:1)
  6 rats
  A plant (Lair:5)
413 creatures vanquished.

Vanquished Creatures (collateral kills)
  Nessos (Lair:3)
  An orange demon (Abyss:1)
  2 dream sheep (Lair:5)
  4 yaks
8 creatures vanquished.

Vanquished Creatures (others)
  An ancient zyme (Abyss:1)
  A yak (Lair:4)
  A salamander zombie (Volcano)
  19 demonic plants (Gauntlet)
  16 fungi
  67 plants
105 creatures vanquished.

Grand Total: 526 creatures vanquished

Notes
Turn   | Place    | Note
-------+----------+-------------------------------------------
     0 | D:1      | jejorda2 the Merfolk Berserker began the quest for the Orb.
     0 | D:1      | Reached XP level 1. HP: 18/18 MP: 1/1
    48 | D:1      | Reached XP level 2. HP: 20/24 MP: 2/2
   526 | D:1      | Reached XP level 3. HP: 29/29 MP: 3/3
  1085 | D:2      | Found a broken altar of Ashenzari.
  1092 | D:2      | Reached skill level 5 in Polearms
  1292 | D:2      | Reached ** piety under Trog
  1585 | D:2      | Reached XP level 4. HP: 17/37 MP: 4/4
  3052 | D:4      | Noticed Ijyb
  3061 | D:4      | Killed Ijyb
  3062 | D:4      | Reached XP level 5. HP: 42/42 MP: 5/5
  3072 | D:4      | Reached skill level 6 in Polearms
  3165 | D:4      | Identified the +8 chain mail of the Lemon {Slay+3}
  3689 | D:5      | Entered Level 5 of the Dungeon
  3699 | D:5      | You fall into a shaft and drop 3 floors!
  3730 | D:7      | Noticed a water moccasin
  3734 | D:7      | Killed a water moccasin
  3735 | D:7      | Reached skill level 7 in Polearms
  3735 | D:7      | Reached XP level 6. HP: 50/50 MP: 6/6
  3850 | D:7      | Reached skill level 5 in Dodging
  3861 | D:7      | Reached skill level 5 in Fighting
  4153 | D:5      | Reached XP level 7. HP: 52/56 MP: 7/7
  4244 | D:5      | Reached skill level 8 in Polearms
  4325 | D:5      | Identified the +5 pair of boots of a sewer {*Corrode rPois
                  | rF+}
  4501 | D:5      | Noticed Edmund
  4513 | D:5      | Killed Edmund
  4593 | D:5      | Reached *** piety under Trog
  4968 | D:6      | Reached skill level 9 in Polearms
  4968 | D:6      | Reached XP level 8. HP: 59/64 MP: 8/8
  5137 | D:6      | Noticed Duvessa
  5137 | D:6      | Noticed Dowan
  5144 | D:6      | Killed Dowan
  5153 | D:6      | Killed Duvessa
  5154 | D:6      | Reached skill level 1 in Throwing
  5202 | D:6      | Noticed a brown ugly thing
  5213 | D:6      | Killed a brown ugly thing
  5214 | D:6      | Reached skill level 10 in Polearms
  5332 | D:6      | Noticed Blork the orc
  5345 | D:6      | Killed Blork the orc
  5581 | D:7      | Noticed a yak
  5581 | D:7      | Noticed a yak
  5581 | D:7      | Noticed a yak
  5581 | D:7      | Noticed a yak
  5581 | D:7      | Noticed a yak
  5589 | D:6      | Killed a yak
  5590 | D:6      | Reached skill level 11 in Polearms
  5590 | D:6      | Reached XP level 9. HP: 68/69 MP: 9/9
  5647 | D:7      | Found a staircase to the Ecumenical Temple.
  5655 | D:7      | Found a runed translucent gate.
  5656 | D:7      | Noticed a spectral unseen horror
  5658 | D:7      | Found a runed translucent gate.
  5658 | D:7      | Found a runed translucent gate.
  5666 | D:7      | Noticed a spectral unseen horror
  5667 | D:7      | Noticed Pokonic1's ghost (novice MiMo)
  5870 | D:7      | Reached skill level 12 in Polearms
  6586 | D:8      | Found a broken altar of Ashenzari.
  6692 | D:8      | Found a sacrificial altar of Ru.
  6709 | D:8      | Found a staircase to the Lair.
  6709 | D:8      | Noticed a komodo dragon
  6719 | D:8      | Killed a komodo dragon
  6720 | D:8      | Reached skill level 13 in Polearms
  7005 | D:9      | Reached skill level 5 in Throwing
  7037 | D:9      | Noticed Maurice
  7055 | D:9      | Reached XP level 10. HP: 76/76 MP: 10/10
  7082 | D:9      | Killed Maurice
  7124 | D:9      | Identified the +5 trident "Giantslayer" {freeze, rC+ rN+++
                  | Dex+6 Stlth-}
  7160 | D:9      | Found a stormy altar of Qazlal.
  7160 | D:9      | Found a hide-covered altar of Uskayaw.
  7253 | D:9      | Reached skill level 14 in Polearms
  7553 | D:9      | Noticed Erica
  7561 | D:9      | Killed Erica
  7651 | D:9      | Reached skill level 5 in Armour
  7655 | D:9      | Reached **** piety under Trog
  7673 | D:9      | Found a viscous altar of Jiyva.
  7928 | D:10     | Entered Level 10 of the Dungeon
  7928 | D:10     | Noticed Amaemon
  7928 | D:10     | Noticed an orange demon
  7943 | D:10     | Killed Amaemon
  7944 | D:10     | Reached skill level 15 in Polearms
  7947 | D:10     | Killed an orange demon
  8077 | D:10     | Noticed a kobold demonologist
  8081 | D:10     | Noticed a kobold demonologist
  8086 | D:10     | Killed a kobold demonologist
  8087 | D:10     | Reached XP level 11. HP: 79/81 MP: 11/11
  8092 | D:10     | Reached skill level 16 in Polearms
  8129 | D:10     | Noticed Harold
  8153 | D:10     | Killed Harold
  8154 | D:10     | Reached skill level 1 in Evocations
  8309 | D:10     | Found an opulent altar of Gozag.
  8309 | D:10     | Found Gozag's Platinum Reserve.
  8984 | D:11     | Noticed a two-headed ogre
  8991 | D:11     | Killed a two-headed ogre
  9052 | D:11     | Reached skill level 17 in Polearms
  9317 | D:11     | Identified the +2 robe of Prudence {Drain Will+ SInv}
  9752 | D:11     | Found a glowing golden altar of the Shining One.
  9789 | D:12     | Noticed an orc knight
  9789 | D:12     | Noticed a deep elf pyromancer
  9794 | D:11     | Reached skill level 5 in Evocations
 10031 | D:12     | Identified the +4 scale mail of Vabuwyto {rN+ Str+2 Int+2}
 10034 | D:12     | Noticed a deep elf pyromancer
 10093 | D:12     | Killed an orc knight
 10152 | D:12     | Reached XP level 12. HP: 87/88 MP: 12/12
 10179 | D:12     | Reached skill level 18 in Polearms
 10514 | D:12     | Found a snail-covered altar of Cheibriados.
 10643 | D:12     | Found a staircase to the Orcish Mines.
 10889 | Lair:1   | Entered Level 1 of the Lair of Beasts
 10950 | Lair:1   | Reached skill level 19 in Polearms
 11229 | Lair:1   | Noticed Gastronok
 11258 | Lair:1   | Killed Gastronok
 11327 | Lair:1   | Identified a scroll of acquirement
 11327 | Lair:1   | Acquired the +2 pair of gloves "Haing" {rPois rF- Str+10}
 11866 | Lair:2   | Found a staircase to the Shoals.
 11907 | Lair:2   | Noticed Fannar
 11912 | Lair:2   | Reached skill level 20 in Polearms
 11919 | Lair:2   | Killed Fannar
 11994 | Lair:2   | Found a staircase to the Snake Pit.
 12450 | Lair:3   | Reached XP level 13. HP: 97/97 MP: 13/13
 12479 | Lair:3   | Noticed Nessos
 12501 | Lair:3   | Killed Nessos
 12528 | Lair:3   | Found a gate leading to a gauntlet.
 12536 | Gauntlet | Entered a Gauntlet
 12536 | Gauntlet | Found a transporter.
 12536 | Gauntlet | Found a transporter.
 12536 | Gauntlet | Found a transporter.
 12552 | Gauntlet | Found a transporter.
 12556 | Gauntlet | Found a transporter.
 12556 | Gauntlet | Found a transporter.
 12563 | Gauntlet | Found the ring of the Tortoise {AC+8}
 12565 | Gauntlet | Found a transporter.
 12566 | Gauntlet | Found a transporter.
 12567 | Gauntlet | Found a transporter.
 12575 | Gauntlet | Found a transporter.
 12576 | Gauntlet | Found a transporter.
 12669 | Gauntlet | Found a transporter.
 12821 | Gauntlet | Identified the +5 acid dragon scales of the Sun {Fly rPois
                  | rC- rCorr Str+4}
 12821 | Gauntlet | Identified the ring "Luixeyph" {+Blink rPois Dex+6}
 12821 | Gauntlet | Noticed a minotaur
 12833 | Gauntlet | Killed a minotaur
 12839 | Gauntlet | Identified the +1 cloak "Umour" {Contam rElec Int+6 Stlth-}
 12844 | Gauntlet | Identified the +2 hat of Distant Worlds {Harm MP-9 Int+4
                  | Slay+3}
 12844 | Gauntlet | Identified the ring of Nisokkur {Ice rPois Str+5 Dex-4}
 12992 | Lair:3   | Noticed Nergalle
 13006 | Lair:3   | Killed Nergalle
 13088 | Lair:3   | Identified the ring "Ceon Hei" {Ice Dex+6}
 13425 | Lair:3   | Found a blossoming altar of Fedhas.
 14121 | Lair:4   | Reached skill level 10 in Fighting
 14478 | Lair:4   | Found a staircase to the Slime Pits.
 14823 | Lair:5   | Entered Level 5 of the Lair of Beasts
 14860 | Lair:5   | Reached XP level 14. HP: 111/111 MP: 14/14
 14864 | Lair:5   | Reached skill level 10 in Dodging
 14919 | Lair:5   | Found a dark tunnel.
 14948 | Volcano  | Entered a volcano
 15078 | Volcano  | Noticed a red draconian
 15091 | Volcano  | Killed a red draconian
 15102 | Volcano  | Noticed an orb of fire
 15258 | Volcano  | Noticed an orb of fire
 15402 | Lair:5   | Found a runed translucent door.
 15581 | Lair:5   | Reached skill level 21 in Polearms
 15885 | Lair:5   | Noticed Sonja
 15887 | Abyss:1  | Cast into level 1 of the Abyss (Sonja)
 15962 | Abyss:1  | Noticed a green very ugly thing
 15969 | Abyss:1  | Killed a green very ugly thing
 16020 | Abyss:1  | Noticed an ancient lich
 16045 | Abyss:1  | Killed an ancient lich
 16145 | Abyss:1  | Noticed a starcursed mass
 16240 | Abyss:1  | Noticed a tentacled starspawn
 16246 | Abyss:1  | Killed a tentacled starspawn
 16326 | Abyss:1  | Reached XP level 15. HP: 107/120 MP: 15/15
 16354 | Abyss:1  | Reached ***** piety under Trog
 16540 | Abyss:1  | Reached skill level 22 in Polearms
 16590 | Abyss:1  | Noticed a cacodemon
 16595 | Abyss:1  | Found a blossoming altar of Fedhas.
 16597 | Abyss:1  | Found a blossoming altar of Fedhas.
 16597 | Abyss:1  | Found a blossoming altar of Fedhas.
 16604 | Abyss:1  | Gained mutation: You are vulnerable to cold. (rC-) [a
                  | cacodemon]
 16605 | Abyss:1  | Gained mutation: Your spells are a little easier to cast,
                  | but a little less powerful. [a cacodemon]
 16615 | Abyss:1  | Killed from afar by a wretched star

Illustrated notes

Levels and vault maps discovered:
D:1:      psy_arrival_heroes, layout_loops_corners
D:2:      layout_loops_corners, basic_altar, minivault_4
D:3:      layout_basic
D:4:      layout_loops_ring, nicolae_figureground_pulse, uniq_ijyb
D:5:      layout_basic, uniq_edmund
D:6:      layout_basic, eino_tiny_chamber, uniq_duvessa, uniq_blork_the_orc
D:7:      layout_cave_pods, minmay_temple_entry_offerings,
          gammafunk_ghost_necromancy, minmay_misc_feat_x
D:8:      layout_rooms, nicolae_overflow_crystal_walls,
          ashenzari_conservatory_becter, david_lair_shrubbed
D:9:      layout_loops_ring, gammafunk_temple_overflow_wave, minivault_21,
          jiyva_altar_1, uniq_erica, uniq_maurice
D:10:     layout_basic, nicolae_gozag_zags_fifth_avenue, uniq_amaemon,
          uniq_harold
D:11:     layout_roguey, serial_bayou_lagoon_a, nicolae_tso_swordbearing_angel
D:12:     lemuel_ice_spiral_2, layout_rooms, orc_0_dummy,
          chequers_serial_rivers_room_b, chei_slow_surprise
Lair:1:   layout_hall_layers, grunt_megastairs_3, uniq_gastronok
Lair:2:   layout_chaotic_city, minmay_shoals_entry_lonely_mermaid,
          guppyfry_snake_entry_garden, uniq_fannar
Lair:3:   layout_gridlike, gauntlet_entry_generic, pdpol_lair_neglected_garden,
          tgw_fedhas, uniq_nergalle, uniq_nessos
Lair:4:   layout_layer_cave, slime_entry_1, serial_bayou_shore_a
Lair:5:   wormcave, layout_long_grid, hangedman_lair_caniforms_friends,
          enter_volcano_2, guppyfry_lair_drakes, uniq_sonja
Abyss:1:  base: D:11, spicy_abyss_unhelpful_harpoons,
          guppyfry_abyss_exit_imp_island

Skill      XL: |  1  2  3  4  5  6  7  8  9 10 11 12 13 14 15 |
---------------+----------------------------------------------+-----
Dodging        | 3 4 5 6 7 9 12 | 12.0
Polearms       | 5 7 9 11 13 15 17 20 21 22 | 22.0
Fighting       | 4 5 6 7 10 12 | 12.0
Throwing       | 3 5 6 |  6.0
Armour         | 2 4 5 6 7 9 |  9.5
Evocations     | 6 |  6.0

Action                   |  1- 3 |  4- 6 |  7- 9 | 10-12 | 13-15 || total
-------------------------+-------+-------+-------+-------+-------++-------
Melee: Spear             |   110 |   194 |    29 |       |       ||   333
       Trident           |       |       |   208 |   243 |       ||   451
       Glaive            |       |       |       |   221 |   323 ||   544
       Tailslap          |       |       |       |     2 |       ||     2
       Bardiche          |       |       |       |       |   333 ||   333
       Halberd           |       |       |       |       |     3 ||     3
Throw: Stone             |       |     3 |     1 |       |       ||     4
       Dart              |       |       |     6 |     1 |     2 ||     9
Invok: Berserk           |       |     2 |     5 |     4 |     8 ||    19
       Trog's Hand       |       |       |     1 |     5 |     6 ||    12
       Brothers in Arms  |       |       |       |     1 |     3 ||     4
Evoke: Wand              |       |       |     2 |       |       ||     2
  Use: Scroll            |       |       |    18 |     7 |     7 ||    32
       Potion            |       |       |       |       |     4 ||     4
 Stab: Sleeping          |     3 |     1 |       |       |       ||     4
Armor: Animal skin       |    18 |       |       |       |       ||    18
       Leather armour    |     1 |    14 |       |       |       ||    15
       Ring mail         |       |    26 |       |       |       ||    26
       Chain mail        |       |    19 |   119 |   162 |   407 ||   707
Dodge: Dodged            |    38 |    68 |    51 |   161 |   413 ||   731
Block: Buckler           |     4 |    20 |    21 |    18 |       ||    63

Table legend: (Time is in decaauts)
 A = Elapsed time spent in this place.
 B = Non-inter-level travel time spent in this place.
 C = Inter-level travel time spent in this place.
 D = Time resting spent in this place.
 E = Time spent auto-exploring this place.
 F = Levels seen in this place.
 G = Mean time per level.
                   A        B        C        D        E       F      G
               +--------+--------+--------+--------+--------+-----+--------+
         Total |  16363 |  15647 |    716 |   1095 |  11416 |  20 |  818.2 |
       Dungeon |  10763 |  10236 |    527 |    592 |   7960 |  12 |  896.9 |
          Lair |   4112 |   3923 |    189 |    351 |   2695 |   5 |  822.4 |
         Abyss |    711 |    711 |      0 |    107 |    365 |   1 |  711.0 |
       Volcano |    434 |    434 |      0 |     44 |    235 |   1 |  434.0 |
      Gauntlet |    343 |    343 |      0 |      0 |    160 |   1 |  343.0 |
               +--------+--------+--------+--------+--------+-----+--------+

Top non-repeatable levels by time:
  Lair:4: 1096 daAuts
     D:1: 1077 daAuts
    D:11: 1034 daAuts
     D:5: 1009 daAuts
     D:9: 979 daAuts
    D:10: 974 daAuts
     D:2: 939 daAuts
     D:4: 933 daAuts
     D:7: 911 daAuts
  Lair:3: 904 daAuts
  Lair:1: 838 daAuts
    D:12: 791 daAuts
     D:6: 763 daAuts
     D:3: 714 daAuts
 Abyss:1: 711 daAuts
